Map: Thunderbird LE

Players

llllllllllll (Stats)

  • Race: Protoss Protoss
  • League: Grandmaster
  • Spawn Location: 11:00

soO - Winner!

  • Race: Zerg Zerg
  • Spawn Location: 5:00

Event: HomeStory Cup XIX

VOD

Have the link to the VOD?

Description

Time

  • Played on: June 30, 2019, 9:34 a.m.
  • Length: 17:27

All games in this series

Show
View Real Time Build Order
Export as new Build Order

llllllllllll Protoss 

Build Orders: Zealot Archon, Archon Drop, Dark Templar Rush 

Get SALT Encoding   

  12  0:00  Probe  
  13  0:12  Probe  
  14  0:19  Pylon  
  14  0:24  Probe  
  15  0:33  Probe  
  15  0:42  Probe  
  16  0:44  Gateway  
  16  0:47  Assimilator  
  17  0:52  Probe  
  18  1:04  Probe  
  19  1:16  Probe  
  20  1:23  Zealot  
  20  1:28  Probe  
  20  1:31  Pylon  
  20  1:32  Cybernetics Core  
  23  1:49  Probe  
  24  1:58  Adept  
  24  2:01  Probe  
  27  2:16  Pylon  
  27  2:21  Assimilator, Nexus  
  27  2:28  Warp Gate, Probe  
  30  2:40  Probe, Stalker  
  31  2:53  Probe  
  31  2:57  Twilight Council  
  32  3:05  Probe  
  33  3:17  Adept, Probe  
  36  3:29  Probe  
  36  3:31  Probe  
  36  3:33  Robotics Facility  
  35  3:39  Probe  
  35  3:41  Probe  
  37  3:45  Dark Shrine  
  38  3:49  Probe  
  38  3:51  Gateway  
  38  3:53  Probe  
  40  4:01  Probe  
  41  4:05  Probe, Gateway  
  41  4:06  Gateway  
  41  4:08  Pylon  
  42  4:10  Warp Prism  
  42  4:13  Probe  
  43  4:17  Probe  
  43  4:22  Assimilator  
  46  4:25  Assimilator  
  46  4:28  Pylon  
  47  4:31  Probe x2  
  47  4:35  Adept  
  50  4:47  Probe x2  
  50  4:49  Warp Prism  
  54  4:57  Pylon  
  54  4:59  Probe x2  
  56  5:10  Dark Templar x3  
  62  5:15  Dark Templar  
  62  5:17  Probe x2  
  62  5:19  Immortal  
  66  5:26  Pylon  
  66  5:27  Pylon  
  69  5:36  Pylon  
  69  5:39  Forge  
  67  5:57  Dark Templar x3  
  67  5:58  Probe x2  
  75  6:07  Archon  
  75  6:08  Archon  
  79  6:20  Blink, Photon Cannon  
  79  6:23  Photon Cannon  
  79  6:24  Protoss Ground Weapons Level 1  
  79  6:31  Dark Templar  
  81  6:33  Archon, Stalker  
  81  6:34  Stalker  
  81  6:36  Archon  
  81  6:37  Stalker  
  83  6:44  Immortal, Shield Battery  
  79  6:56  Probe  
  79  6:57  Probe, Pylon  
  84  7:05  Gateway x2  
  84  7:11  Stalker  
  84  7:12  Stalker x2  
  90  7:41  Nexus, Stalker  
  90  7:42  Stalker x3  
  88  7:46  Probe x2  
  88  7:48  Photon Cannon  
  88  7:50  Shield Battery  
  90  7:52  Observer  
  91  8:03  Probe x2  
  93  8:06  Photon Cannon  
  93  8:08  Sentry x2  
  93  8:09  Stalker x2  
  93  8:12  Pylon  
  101  8:16  Pylon  
  101  8:18  Probe  
  102  8:30  Probe  
  102  8:32  Stalker x3  
  109  8:37  Assimilator  
  108  8:47  Pylon  
  108  8:49  Zealot  
  108  8:50  Pylon  
  108  8:53  Probe x2  
  106  9:03  Stalker x2  
  106  9:04  Stalker x3  
  110  9:18  Probe x3  
  112  9:38  Stalker x2  
  112  9:39  Assimilator, Stalker x4  
  112  9:40  Protoss Ground Weapons Level 2  
  112  9:44  Assimilator  
  124  9:48  Probe x3  
  127  9:59  Shield Battery  
  125  10:01  Shield Battery  
  125  10:02  Photon Cannon  
  123  10:07  Shield Battery  
  123  10:08  Shield Battery  
  123  10:09  Shield Battery  
  123  10:12  Pylon  
  123  10:14  Stalker x2  
  123  10:17  Stargate  
  127  10:23  Dark Templar  
  127  10:33  Zealot  
  127  10:34  Charge, Zealot x2  
  133  10:38  Pylon  
  133  10:39  Stargate  
  133  10:44  Stalker x2  
  137  10:58  Pylon  
  137  10:59  Zealot x4  
  137  11:00  Phoenix  
  145  11:10  Fleet Beacon  
  147  11:16  Phoenix  
  143  11:20  Phoenix  
  147  11:27  Protoss Air Weapons Level 1  
  147  11:32  Phoenix  
  147  11:33  Dark Templar  
  147  11:37  Phoenix  
  147  11:42  Stargate  
  151  11:49  Photon Cannon x3  
  151  11:52  Phoenix, Anion Pulse-Crystals  
  151  11:54  Phoenix  
  155  12:15  Assimilator  
  149  12:20  Phoenix x2  
  144  12:42  Phoenix  
  142  12:45  Phoenix x2  
  142  12:58  Assimilator  
  138  13:00  Assimilator  
  138  13:07  Phoenix  
  138  13:08  Observer  
  138  13:10  Phoenix x2  
  138  13:11  Zealot x6  
  156  13:13  Nexus  
  156  13:14  Pylon  
  157  13:35  Templar Archives  
  157  13:40  Shield Battery  
  157  13:42  Shield Battery  
  157  13:44  Forge, Shield Battery  
  157  13:53  Psionic Storm  
  157  14:00  Assimilator  
  155  14:06  Assimilator  
  153  14:12  High Templar x2  
  153  14:15  Pylon  
  157  14:18  High Templar  
  157  14:19  Zealot x3  
  165  14:34  Gateway  
  165  14:35  Gateway  
  165  14:37  Gateway  
  164  14:50  High Templar x2  
  164  14:51  Zealot x3, High Templar  
  108  15:14  High Templar x3  
  108  15:21  Immortal  
  112  15:33  Stalker x5  
  98  15:47  Zealot x4  
  94  16:00  Zealot x2, High Templar x3  
  98  16:12  Nexus  
  98  16:13  Pylon  
  98  16:20  Immortal  
  102  16:27  High Templar x2  
  106  16:49  High Templar  
  106  16:50  Zealot x3, High Templar  
  93  17:07  Archon  
  93  17:08  Archon  
  77  17:12  Zealot x3  
  73  17:19  Zealot  
Show
View Real Time Build Order
Export as new Build Order

soO Zerg - Winner!

Build Orders: 3 Hatch before Pool 

Get SALT Encoding   

  12  0:00  Drone  
  13  0:11  Overlord  
  13  0:16  Drone  
  14  0:30  Drone x2  
  14  0:33  Drone  
  17  0:51  Hatchery  
  17  0:54  Drone  
  17  0:58  Drone  
  18  1:18  Hatchery  
  17  1:20  Drone  
  17  1:24  Drone  
  19  1:34  Extractor  
  19  1:39  Spawning Pool  
  17  1:41  Drone  
  17  1:45  Drone  
  19  1:49  Drone  
  20  2:00  Drone  
  21  2:10  Drone  
  23  2:23  Drone  
  23  2:24  Drone  
  23  2:26  Queen  
  23  2:28  Overlord  
  27  2:30  Zergling x2  
  28  2:42  Metabolic Boost  
  28  2:46  Queen  
  28  2:47  Zergling x4  
  28  2:48  Drone x2  
  34  2:57  Drone  
  35  2:58  Zergling x2  
  36  3:08  Overlord  
  35  3:15  Drone x2  
  35  3:17  Spore Crawler  
  35  3:18  Drone  
  37  3:24  Spore Crawler  
  37  3:26  Drone  
  36  3:27  Spore Crawler  
  36  3:33  Drone  
  38  3:35  Drone x3  
  38  3:38  Lair  
  38  3:39  Drone  
  38  3:41  Drone  
  43  3:46  Extractor, Queen  
  43  3:48  Extractor  
  43  3:49  Drone  
  43  3:53  Overlord  
  44  4:01  Overlord  
  44  4:06  Overlord  
  44  4:08  Extractor  
  43  4:12  Drone x4  
  47  4:21  Drone  
  47  4:23  Drone  
  49  4:28  Hatchery  
  48  4:31  Drone  
  48  4:34  Drone  
  48  4:37  Spire  
  49  4:40  Zergling x4  
  49  4:41  Zergling x2  
  49  4:44  Overseer  
  51  4:47  Drone x2  
  51  4:51  Zergling x4  
  55  4:56  Queen  
  57  5:04  Drone x2  
  59  5:10  Drone x2  
  61  5:19  Overlord  
  61  5:23  Overseer  
  61  5:26  Zergling x4  
  64  5:28  Zergling x2  
  64  5:29  Overlord  
  63  5:49  Mutalisk x8  
  77  6:05  Mutalisk  
  77  6:06  Zergling x2  
  77  6:07  Overseer, Zergling x4  
  80  6:27  Hatchery  
  80  6:29  Mutalisk x2  
  83  6:34  Overlord  
  83  6:37  Overlord  
  83  6:39  Overlord  
  83  6:48  Overlord  
  83  6:49  Drone  
  83  6:50  Drone  
  83  6:51  Overlord  
  83  6:52  Zerg Flyer Weapons Level 1  
  83  7:01  Mutalisk x2  
  83  7:07  Overlord  
  87  7:08  Drone x6  
  87  7:14  Overlord, Drone x2  
  92  7:39  Mutalisk x4  
  92  7:40  Drone  
  92  7:41  Drone x3  
  92  7:42  Extractor x2  
  101  7:45  Drone  
  102  7:51  Mutalisk  
  102  7:54  Drone x5  
  109  7:59  Mutalisk  
  111  8:06  Spine Crawler  
  111  8:07  Spine Crawler x2  
  111  8:08  Drone x2  
  111  8:10  Mutalisk  
  111  8:12  Drone x3  
  115  8:13  Hatchery  
  115  8:18  Mutalisk  
  116  8:27  Mutalisk x2  
  120  8:38  Mutalisk  
  120  8:39  Mutalisk  
  120  8:40  Zergling x20  
  134  8:48  Zerg Flyer Weapons Level 2  
  134  8:54  Zergling x14  
  141  9:01  Mutalisk  
  131  9:05  Zergling x10  
  131  9:13  Mutalisk  
  131  9:14  Mutalisk x2  
  136  9:25  Mutalisk  
  136  9:26  Zergling x14  
  145  9:36  Drone x2  
  148  9:53  Drone  
  148  9:56  Mutalisk  
  148  9:57  Overlord x2  
  150  10:01  Drone  
  149  10:08  Overlord  
  149  10:13  Hatchery  
  148  10:15  Hatchery  
  148  10:17  Mutalisk x8  
  163  10:21  Spine Crawler x2  
  163  10:24  Spine Crawler  
  160  10:29  Pneumatized Carapace  
  160  10:34  Baneling Nest  
  159  10:36  Evolution Chamber  
  159  10:41  Drone x3  
  161  10:44  Mutalisk x3  
  167  10:59  Drone x5  
  167  11:00  Drone x2  
  167  11:01  Overlord  
  174  11:08  Overlord  
  174  11:10  Zerg Flyer Armor Level 1  
  174  11:12  Zerg Melee Weapons Level 1  
  168  11:19  Drone x3  
  170  11:40  Drone x2  
  170  11:41  Drone  
  170  11:42  Extractor, Centrifical Hooks  
  170  11:43  Overlord, Extractor  
  170  11:44  Drone  
  172  11:48  Hydralisk Den  
  172  11:50  Drone x2  
  173  11:56  Overlord  
  175  12:15  Drone x2  
  175  12:19  Grooved Spines, Hydralisk  
  175  12:20  Hydralisk x11  
  199  12:23  Drone  
  188  12:57  Hydralisk x9  
  188  12:58  Hydralisk  
  196  12:59  Drone x2  
  196  13:03  Drone x2  
  199  13:19  Zerg Melee Weapons Level 2  
  195  13:28  Baneling  
  195  13:29  Baneling x11  
  195  13:30  Muscular Augments  
  195  13:34  Zergling x12  
  194  13:49  Overlord  
  194  13:53  Overlord  
  194  13:56  Overlord  
  194  13:58  Overlord  
  194  14:01  Spore Crawler  
  191  14:07  Overlord x2  
  191  14:08  Drone x3  
  190  14:10  Zergling x14  
  190  14:14  Spore Crawler x2  
  190  14:15  Spore Crawler  
  190  14:16  Spore Crawler  
  193  14:17  Spore Crawler  
  193  14:18  Spore Crawler  
  193  14:20  Baneling x10  
  187  14:25  Zergling x10  
  187  14:26  Zergling x16  
  199  14:36  Drone x5  
  198  14:42  Baneling x9  
  198  14:43  Baneling x7  
  186  14:55  Zergling x20  
  164  15:09  Hydralisk x2  
  164  15:10  Zergling x26, Hydralisk  
  165  15:14  Drone  
  165  15:18  Hydralisk x7  
  176  15:24  Hatchery  
  171  15:32  Zergling x2, Hydralisk x2  
  171  15:33  Zergling x2  
  174  15:40  Zergling x8  
  167  15:44  Zergling x2  
  167  15:48  Hydralisk  
  167  15:49  Hydralisk  
  165  15:55  Hydralisk  
  152  15:58  Hydralisk  
  152  15:59  Hydralisk  
  152  16:03  Hydralisk x3  
  152  16:04  Hydralisk  
  134  16:07  Drone x3  
  139  16:14  Zergling x4  
  141  16:18  Baneling  
  141  16:19  Baneling x10  
  141  16:22  Zergling x6  
  144  16:29  Overseer, Zergling x4  
  144  16:31  Hatchery  
  145  16:34  Zergling x12  
  145  16:36  Baneling x7  
  145  16:38  Zergling x4  
  153  16:41  Queen  
  153  16:42  Zergling x2  
  154  16:50  Zergling x6  
  155  16:58  Zergling x6  
  155  17:01  Zergling x8  
  139  17:08  Zergling x10  
Tags
 
Add a new tag
Caveats
  • Supply blocks, unpowered buildings, or Contaminate may cause inaccurate times.
  • Supply counts are checked every 10 seconds.